 Dungeon Crawl Stone Soup version 0.18.1-6-gd335043 (webtiles) character file.

32951 nubinia the Nimble (level 13, 107/111 HPs)
             Began as a Yellow Draconian Wanderer on May 15, 2016.
             Was a High Priest of Yredelemnul.
             Quit the game on level 7 of the Lair of Beasts on May 16, 2016.
             The game lasted 02:36:48 (22442 turns).

nubinia the Nimble (Yellow Draconian Wanderer)     Turns: 22442, Time: 02:36:49

Health: 107/111    AC: 12    Str: 15    XL:     13   Next: 34%
Magic:  19/19      EV: 19    Int: 11    God:    Yredelemnul [*****.]
Gold:   1618       SH:  0    Dex: 13    Spells: 0 memorised, 12 levels left

rFire  + . .     SeeInvis .     b - +5 rapier of the Turnip {flame, rF+ rC+ Dex-4 Stlth+}
rCold  + . .     Gourm    .     (armour unavailable)
rNeg   . . .     Faith    +     (no shield)
rPois  +         Spirit   .     (helmet restricted)
rElec  .         Dismiss  .     r - +1 cloak of Vanity {Stlth+}
rCorr  +         Reflect  .     C - +0 pair of gloves
SustAt .         Harm     .     I - +0 pair of boots
MR     .....                    w - amulet of faith
Stlth  +++++.....               D - ring of poison resistance
                                (no ring)

@: not resistant to hostile enchantments, quite stealthy
A: spit acid, acid resistance, unfitting armour, cold-blooded, AC +8
a: Spit Acid, Recall Undead Slaves, Injury Mirror, Animate Dead, Drain Life,
Enslave Soul, Renounce Religion


You were on level 7 of the Lair of Beasts.
You worshipped Yredelemnul.
Yredelemnul was extremely pleased with you.
You were hungry.

You visited 3 branches of the dungeon, and saw 20 of its levels.
You also visited: Sewer.

You collected 1618 gold pieces.

Inventory:

Hand Weapons
 a - a +8 shortbow of velocity
 b - the +5 rapier of the Turnip (weapon) {flame, rF+ rC+ Dex-4 Stlth+}
   (You found it on level 6 of the Dungeon)

   It has been specially enchanted to burn those struck by it, causing extra
   injury to most foes and up to half again as much damage against particularly
   susceptible opponents.
   It affects your dexterity (-4).
   It protects you from fire.
   It protects you from cold.
   It makes you more stealthy.
 p - a +2 flail of protection
 v - the +6 hand crossbow "Wuarhudomn" {venom, Dex+2}
   (You found it on level 10 of the Dungeon)

   It poisons the ammo it fires.
   It affects your dexterity (+2).
 L - the +4 shortbow "Fiyvep" {velocity, rN+ Str+2}
   (You found it on level 2 of the Lair of Beasts)

   Any arrow fired from it inflicts extra damage.
   It affects your strength (+2).
   It protects you from negative energy.
Missiles
 e - 149 arrows
 k - 64 bolts
Armour
 j - a +0 buckler of cold resistance
 r - the +1 cloak of Vanity (worn) {Stlth+}
   (You acquired it on level 11 of the Dungeon)

   It makes you more stealthy.
 u - a +1 cloak
 C - a +0 pair of gloves (worn)
 I - a +0 pair of boots (worn)
Jewellery
 c - an uncursed amulet of regeneration {unknown}
 w - an amulet of faith (around neck)
 D - a ring of poison resistance (right hand)
 F - an uncursed amulet of rage {unknown}
Wands
 i - a wand of teleportation (5/9)
 x - a wand of random effects (13/48)
 A - a wand of hasting (2/9)
 B - a wand of random effects (30/48)
 E - a wand of hasting (4/9)
 H - a wand of flame (21/48)
 K - a wand of iceblast (13/15)
 N - a wand of iceblast (7/15)
 O - a wand of digging (11/24)
Scrolls
 d - 10 scrolls of teleportation
 m - a scroll of identify
 o - 10 scrolls of remove curse
 q - 4 scrolls of recharging
 s - 2 scrolls of fear
 y - 2 scrolls of magic mapping
 G - 4 scrolls of fog
Potions
 g - a potion of ambrosia
 h - a potion of berserk rage
 n - 3 potions of magic
 t - 3 potions of mutation
 z - 4 potions of curing
 M - 2 potions of brilliance
Comestibles
 f - 8 bread rations
 l - 11 meat rations
 J - 10 fruits


   Skills:
 + Level 9.0 Fighting
 - Level 0.2 Short Blades
 + Level 1.2 Maces & Flails
   Level 3.5 Polearms
 + Level 11.9 Bows
 + Level 2.5 Crossbows
 + Level 2.4 Throwing
 + Level 12.3 Dodging
 + Level 8.1 Stealth
 + Level 8.7 Invocations
 + Level 0.6 Evocations


You had 12 spell levels left.
You didn't know any spells.

Dungeon Overview and Level Annotations

Branches:
Dungeon (11/15)            Temple (0/1) D:5            Lair (7/8) D:8
  Swamp (0/4) Lair:5       Spider (0/4) Lair:6          Orc (2/2) D:11
  Slime: Lair:6-8       Elf: Orc:2

Altars:
Makhleb
Nemelex Xobeh
Trog
Xom
Yredelemnul
Zin

Shops:
D:10 =   Orc:1 ?   Orc:2 [

Annotations:
D:11 Snorg
Lair:5 exclusion: 2 oklob plants


Innate Abilities, Weirdness & Mutations

You can spit globs of acid.
You are resistant to acid.
Your golden yellow scales are hard (AC +8).
Your body does not fit into most forms of armour.
You are cold-blooded and may be slowed by cold attacks.


Message History

You closely miss the crocodile.
You tail-slap the crocodile, but do no damage.
The crocodile misses you.
A spiny frog comes into view.
You barely miss the crocodile. You tail-slap the crocodile.
The crocodile is lightly wounded.
Your phantasmal warrior closely misses the crocodile.
The crocodile misses you.
Your phantasmal warrior hits the crocodile!
You puncture the crocodile! You burn the crocodile.
The crocodile is almost dead.
The crocodile barely misses you.
Your phantasmal warrior closely misses the crocodile.
You hit the crocodile. You burn the crocodile.
You kill the crocodile!
Yredelemnul accepts your kill.
Your phantasmal warrior hits the four-headed hydra!
The four-headed hydra's magical defenses are stripped away!
A giant frog comes into view.
Are you sure you want to abandon this character and quit the game? (Confirm with "yes".)

...................#
...................#
...................#
...................# .
...........##..###...#+
.................###...
..........#..####.#...F
.......................
P..##.....#?..8@D...#
### #.##.......W....#..
#.....#...#...F....
P.....##.....###...
#P.... ###.#.# .+ ....
.#$.# . ... .. .## ...
## ...


You could see a four-headed hydra, a spiny frog, a giant frog and a friendly
phantasmal warrior.

Vanquished Creatures
  The ghost of Yehuk the Protected, a journeyman GrFi of Okawaru (D:10)
  An orc knight (Orc:1)
  A hill giant (D:10)
  An ugly thing (D:11)
  2 orc sorcerers (Orc:1)
  A cyclops (Orc:2)
  3 elephants
  2 black mambas (Lair:5)
  5 spiny frogs
  3 komodo dragons
  3 kobold demonologists (D:7)
  A troll (D:10)
  A two-headed ogre (Orc:1)
  A boulder beetle (Orc:1)
  9 blink frogs
  A wraith (D:11)
  5 yaks
  2 basilisks
  A wyvern (D:8)
  A vampire mosquito (Lair:5)
  2 hippogriffs
  3 wargs (Orc:1)
  3 water moccasins
  Duvessa (D:7)
  6 orc warriors
  10 porcupines
  A wasp (D:9)
  3 sky beasts
  A black bear (Lair:4)
  5 ice beasts
  A necrophage (D:7)
  6 ogres
  An eye of draining (D:11)
  2 phantoms
  A wolf (Lair:4)
  7 centaurs
  3 crocodiles
  4 big kobolds
  16 giant frogs
  Dowan (D:7)
  2 scorpions (D:5)
  9 killer bees
  A wasp zombie (D:9)
  8 crimson imps
  A centaur zombie (D:6)
  A giant frog zombie (D:10)
  7 orc priests
  3 hounds
  3 jellies
  13 two-headed ogre zombies (Orc:1)
  A giant frog skeleton (D:6)
  3 gnoll shamans
  2 centaur skeletons
  9 iguanas
  11 orc wizards
  3 worker ants
  5 sheep
  2 hound zombies (D:6)
  A worker ant zombie (D:7)
  32 gnolls
  12 adders
  8 river rats
  A shadow imp (D:4)
  2 oozes (Sewer)
  An orc zombie (Orc:1)
  5 worms
  5 dart slugs
  7 giant geckos
  44 orcs
  5 bats
  5 giant cockroaches
  7 goblins
  8 hobgoblins
  30 jackals
  4 quokkas
  7 ball pythons
  11 giant newts
  32 kobolds
  A quokka skeleton (D:5)
  2 quokka zombies (D:7)
  13 rats
449 creatures vanquished.

Vanquished Creatures (collateral kills)
  Rupert (Lair:4)
  Maud (Lair:4)
  Erolcha (Orc:1)
  3 hydras
  An orc knight (Orc:2)
  3 elephants (Lair:4)
  A black mamba (Lair:3)
  7 spiny frogs
  A komodo dragon (Lair:3)
  A polar bear (Lair:4)
  2 jumping spiders (Lair:6)
  17 blink frogs
  2 spriggans (Lair:4)
  A wyvern (D:11)
  10 yaks
  A basilisk (Lair:6)
  2 hippogriffs
  Jessica (Lair:4)
  8 humans (Lair:4)
  A vampire mosquito (Lair:5)
  A warg (Orc:2)
  A soldier ant (D:10)
  5 water moccasins
  6 porcupines
  A phantom (D:7)
  2 orc warriors
  A black bear (D:8)
  3 wolves
  5 crocodiles
  8 giant frogs
  A scorpion (D:8)
  An electric eel (Lair:4)
  A crimson imp (D:11)
  2 hounds
  An orc priest (D:11)
  2 two-headed ogre zombies (Orc:1)
  3 iguanas
  7 sheep
  A gnoll (Orc:1)
  20 river rats
  A shadow imp (D:8)
  A giant gecko (D:10)
  3 orcs
  2 jackals (Lair:4)
  A quokka (D:8)
  11 fungi
  6 plants
162 creatures vanquished.

Vanquished Creatures (others)
  A phantasmal warrior (Lair:4)
  8 flying skulls
  2 vampires
  A wraith (Orc:2)
  2 spiny frog zombies
  5 blink frog zombies
  A blink frog skeleton (Lair:4)
  A vampire mosquito zombie (Lair:5)
  2 water moccasin zombies (Lair:6)
  A cyclops zombie (Orc:2)
  A warg zombie (Orc:1)
  A wyvern zombie (D:11)
  A yak zombie (D:10)
  A warg skeleton (Orc:1)
  A wight (Lair:4)
  A wolf zombie (Lair:4)
  A giant frog zombie (D:7)
  3 human zombies (Lair:4)
  A centaur skeleton (D:9)
  A giant frog skeleton (Lair:1)
  An orc wizard (D:6)
  A porcupine zombie (Lair:1)
  3 killer bee zombies
  A crocodile zombie (D:11)
  An ogre zombie (Orc:1)
  An ogre skeleton (Orc:1)
  A hound zombie (Lair:4)
  A mummy (Orc:1)
  An iguana zombie (Lair:4)
  16 orc zombies
  2 sheep zombies (Lair:4)
  An orc (D:7)
  A jackal zombie (Lair:4)
  2 kobold zombies (D:7)
  2 orc skeletons
  A quokka zombie (D:8)
  5 river rat zombies
  6 fungi
  2 plants (Lair:4)
85 creatures vanquished.

Grand Total: 696 creatures vanquished

Notes
Turn   | Place    | Note
--------------------------------------------------------------
     0 | D:1      | nubinia the Draconian Wanderer began the quest for the Orb.
     0 | D:1      | nubinia set off with: a +2 shortbow, 21 arrows, a potion of lignification, a scroll of teleportation, a bread ration
     0 | D:1      | Reached XP level 1. HP: 16/16 MP: 1/1
   277 | D:1      | Reached XP level 2. HP: 22/23 MP: 2/2
   732 | D:1      | Reached XP level 3. HP: 23/28 MP: 3/3
   919 | D:1      | Reached skill level 1 in Dodging
  1831 | D:2      | Found a shimmering altar of Xom.
  1872 | D:2      | Reached skill level 1 in Stealth
  2061 | D:2      | Reached XP level 4. HP: 35/35 MP: 4/4
  2182 | D:2      | Reached skill level 2 in Dodging
  3426 | D:3      | Reached XP level 5. HP: 35/41 MP: 5/5
  3571 | D:3      | Noticed an ogre
  3680 | D:3      | Killed an ogre
  3680 | D:3      | Reached skill level 3 in Dodging
  3759 | D:3      | Reached XP level 6. HP: 48/48 MP: 6/6
  4307 | D:3      | Reached skill level 4 in Dodging
  5421 | D:3      | Reached skill level 1 in Maces & Flails
  5757 | D:3      | Your scales start taking on a golden yellow colour.
  5757 | D:3      | Reached XP level 7. HP: 46/56 MP: 7/7
  6735 | D:4      | Found a glowing drain.
  6739 | Sewer    | Entered a sewer
  7009 | Sewer    | Reached skill level 1 in Polearms
  7057 | Sewer    | Reached skill level 5 in Dodging
  7663 | D:4      | Found a basalt altar of Yredelemnul.
  7675 | D:4      | Became a worshipper of Yredelemnul the Dark
  7812 | D:5      | Entered Level 5 of the Dungeon
  7824 | D:5      | Reached XP level 8. HP: 50/66 MP: 8/8
  7952 | D:5      | Found a staircase to the Ecumenical Temple.
  8217 | D:5      | Reached skill level 6 in Dodging
  8499 | D:5      | Found a sparkling altar of Nemelex Xobeh.
  8918 | D:6      | Reached skill level 7 in Dodging
  9136 | D:6      | Reached * piety under Yredelemnul
  9205 | D:6      | Got a brightly glowing rapier
  9206 | D:6      | Identified the +5 rapier of the Turnip {flame, rF+ rC+ Dex-4 Stlth+} (You found it on level 6 of the Dungeon)
  9431 | D:6      | Reached XP level 9. HP: 70/72 MP: 9/9
  9508 | D:6      | Gained mutation: Your flesh is cold resistant. [potion of mutation]
  9508 | D:6      | Gained mutation: Your flesh is very cold resistant. [potion of mutation]
  9877 | D:7      | Reached skill level 1 in Invocations
 10060 | D:7      | Reached skill level 5 in Fighting
 10171 | D:7      | Noticed Duvessa
 10171 | D:7      | Noticed Dowan
 10186 | D:7      | Killed Duvessa
 10192 | D:7      | Killed Dowan
 10308 | D:7      | Noticed a kobold demonologist
 10308 | D:7      | Noticed a kobold demonologist
 10310 | D:7      | Noticed a kobold demonologist
 10331 | D:7      | Killed a kobold demonologist
 10331 | D:7      | Reached skill level 8 in Dodging
 10339 | D:7      | Killed a kobold demonologist
 10360 | D:7      | Killed a kobold demonologist
 10382 | D:7      | Reached ** piety under Yredelemnul
 10437 | D:7      | Reached skill level 9 in Dodging
 10454 | D:7      | Reached XP level 10. HP: 26/83 MP: 10/12
 10974 | D:8      | Found a staircase to the Lair.
 10976 | D:8      | Noticed an elephant
 11000 | D:8      | Killed an elephant
 11000 | D:8      | Reached skill level 5 in Stealth
 11189 | D:8      | Found a bloodstained altar of Trog.
 11249 | D:8      | Found a glowing silver altar of Zin.
 11707 | D:9      | Found a burning altar of Makhleb.
 11750 | D:9      | Reached *** piety under Yredelemnul
 12370 | D:10     | Entered Level 10 of the Dungeon
 12376 | D:10     | Got an encrusted hand crossbow
 12377 | D:10     | Identified the +6 hand crossbow "Wuarhudomn" {venom, Dex+2} (You found it on level 10 of the Dungeon)
 12860 | D:10     | Reached skill level 10 in Dodging
 12916 | D:10     | Found Oxusaf's Jewellery Boutique.
 12956 | D:10     | Noticed a hill giant
 12971 | D:10     | Killed a hill giant
 12971 | D:10     | Reached skill level 5 in Invocations
 13316 | D:10     | Noticed Yehuk's ghost (journeyman GrFi)
 13350 | D:10     | Killed Yehuk's ghost
 13587 | D:10     | Reached XP level 11. HP: 91/91 MP: 14/14
 13714 | D:10     | Reached **** piety under Yredelemnul
 13844 | D:10     | Received a gift from Yredelemnul
 14342 | D:11     | Identified a scroll of acquirement
 14343 | D:11     | Got a translucent cloak
 14354 | D:11     | Identified the +1 cloak of Vanity {Stlth+} (You acquired it on level 11 of the Dungeon)
 14408 | D:11     | Noticed Snorg
 14640 | D:11     | Noticed a red ugly thing
 14651 | D:11     | Killed a red ugly thing
 14735 | D:11     | Found a staircase to the Orcish Mines.
 14818 | Orc:1    | Entered Level 1 of the Orcish Mines
 15109 | Orc:1    | Noticed an orc sorcerer
 15114 | Orc:1    | Found Utamm's Magic Scroll Boutique.
 15120 | Orc:1    | Killed an orc sorcerer
 15120 | Orc:1    | Reached skill level 1 in Crossbows
 15400 | Orc:1    | Received a gift from Yredelemnul
 15792 | Orc:1    | Noticed an orc knight
 15937 | Orc:1    | Killed an orc knight
 16139 | Orc:1    | Reached skill level 11 in Dodging
 16419 | Orc:1    | Noticed Erolcha
 16440 | Orc:1    | Killed Erolcha
 16566 | Orc:1    | Noticed an orc sorcerer
 16569 | Orc:1    | Killed an orc sorcerer
 16582 | Orc:2    | Entered Level 2 of the Orcish Mines
 16600 | Orc:1    | Received a gift from Yredelemnul
 16839 | Orc:2    | Noticed an orc knight
 16853 | Orc:2    | Killed an orc knight
 16853 | Orc:2    | Reached skill level 10 in Bows
 16855 | Orc:2    | Found Alafack's Armour Shoppe.
 16884 | Orc:2    | Noticed an orc knight
 17284 | D:11     | Noticed a hill giant
 17397 | Lair:1   | Entered Level 1 of the Lair of Beasts
 17397 | Lair:1   | Found a basalt altar of Yredelemnul.
 17528 | Lair:1   | Received a gift from Yredelemnul
 17650 | Lair:1   | Reached XP level 12. HP: 99/101 MP: 16/16
 17832 | Lair:1   | Received a gift from Yredelemnul
 18590 | Lair:2   | Got an iridescent shortbow
 18591 | Lair:2   | Identified the +4 shortbow "Fiyvep" {velocity, rN+ Str+2} (You found it on level 2 of the Lair of Beasts)
 18670 | Lair:2   | Noticed a five-headed hydra
 18678 | Lair:2   | Killed a five-headed hydra
 19081 | Lair:2   | Noticed a seven-headed hydra
 19085 | Lair:2   | Killed a seven-headed hydra
 19153 | Lair:3   | Noticed a five-headed hydra
 19160 | Lair:3   | Killed a five-headed hydra
 19820 | Lair:4   | Noticed Rupert
 19837 | Lair:4   | Paralysed by Rupert for 4 turns
 19854 | Lair:4   | Noticed Maud
 19903 | Lair:5   | Received a gift from Yredelemnul
 20039 | Lair:5   | Reached ***** piety under Yredelemnul
 20103 | Lair:5   | Found a staircase to the Swamp.
 20629 | Lair:4   | Noticed Jessica
 20640 | Lair:4   | Received a gift from Yredelemnul
 20655 | Lair:4   | Killed Jessica
 20728 | Lair:4   | Killed Rupert
 20738 | Lair:4   | Received a gift from Yredelemnul
 20834 | Lair:4   | Killed Maud
 20834 | Lair:4   | Reached skill level 12 in Dodging
 20834 | Lair:4   | Reached XP level 13. HP: 95/110 MP: 18/18
 20989 | Lair:4   | Gained mutation: Your body sometimes deteriorates upon taking damage. [potion of mutation]
 20989 | Lair:4   | Gained mutation: Your large and strong wings let you fly indefinitely. [potion of mutation]
 20989 | Lair:4   | Gained mutation: Your muscles are strong. (Str +2) [potion of mutation]
 20997 | Lair:4   | Lost mutation: Your body sometimes deteriorates upon taking damage. [potion of cure mutation]
 20997 | Lair:4   | Lost mutation: Your muscles are strong. (Str +2) [potion of cure mutation]
 20997 | Lair:4   | Lost mutation: Your large and strong wings let you fly indefinitely. [potion of cure mutation]
 20997 | Lair:4   | Lost mutation: Your flesh is very cold resistant. [potion of cure mutation]
 20997 | Lair:4   | Lost mutation: Your flesh is cold resistant. [potion of cure mutation]
 20998 | Lair:4   | Gained mutation: You are weak. (Str -2) [potion of mutation]
 20998 | Lair:4   | Gained mutation: You are frail (-10% HP). [potion of mutation]
 20998 | Lair:4   | Gained mutation: Your natural rate of healing is unusually fast. [potion of mutation]
 20999 | Lair:4   | Lost mutation: You are weak. (Str -2) [potion of cure mutation]
 20999 | Lair:4   | Lost mutation: You are frail (-10% HP). [potion of cure mutation]
 20999 | Lair:4   | Lost mutation: Your natural rate of healing is unusually fast. [potion of cure mutation]
 21558 | Lair:5   | Received a gift from Yredelemnul
 21592 | Lair:6   | Found a hole to the Spider Nest.
 22442 | Lair:7   | Quit the game

Skill      XL: |  1  2  3  4  5  6  7  8  9 10 11 12 13 |
---------------+----------------------------------------+-----
Dodging        | 1 2 3 4 5 7 9 10 11 12 | 12.3
Stealth        | 1 2 3 4 5 6 7 8 |  8.1
Fighting       | 2 3 4 5 6 7 8 9 |  9.0
Bows           | 7 8 10 11 | 11.9
Maces & Flails | 1 |  1.2
Polearms       | 2 3 |  3.5
Throwing       | 2 |  2.4
Invocations    | 3 5 6 7 8 |  8.7
Crossbows      | 2 |  2.5
Short Blades   | |  0.2
Evocations     | |  0.6

Action                   |  1- 3 |  4- 6 |  7- 9 | 10-12 | 13-15 || total
-------------------------+-------+-------+-------+-------+-------++-------
Melee: Dagger            |   239 |   162 |       |       |       ||   401
       Unarmed           |     8 |       |       |       |       ||     8
       Shortbow          |     1 |       |       |     1 |       ||     2
       Tailslap          |    28 |    39 |    59 |    81 |    19 ||   226
       Flail             |       |   142 |     6 |     2 |       ||   150
       Spear             |       |       |   416 |       |       ||   416
       Rapier            |       |       |   186 |   505 |    94 ||   785
 Fire: Shortbow          |    13 |    42 |    32 |   327 |    68 ||   482
       Blowgun           |       |       |    11 |       |       ||    11
       Hand crossbow     |       |       |       |    32 |       ||    32
Invok: Animate Remains   |       |       |    19 |     9 |       ||    28
       Animate Dead      |       |       |       |    63 |    14 ||    77
       Recall Undead Sla |       |       |       |     4 |     1 ||     5
       Drain Life        |       |       |       |     2 |     1 ||     3
 Abil: Spit Acid         |       |       |    28 |    17 |       ||    45
       Fly               |       |       |       |       |     1 ||     1
Evoke: Wand              |       |       |       |     3 |       ||     3
  Use: Scroll            |     5 |     1 |    10 |    12 |     4 ||    32
       Potion            |       |     3 |     8 |     8 |     4 ||    23
 Stab: Sleeping          |     1 |     2 |     9 |    23 |     5 ||    40
       Distracted        |       |     1 |     1 |     9 |     2 ||    13
  Eat: Chunk             |     4 |    12 |    21 |    41 |     1 ||    79
       Beef jerky        |       |       |     2 |     4 |       ||     6
       Bread ration      |       |       |       |       |     1 ||     1
       Pizza             |       |       |       |       |     1 ||     1
Armor: Skin              |    54 |   107 |   170 |   149 |    25 ||   505
Dodge: Dodged            |   130 |   247 |   331 |   488 |   104 ||  1300
Block: Large shield      |       |       |     4 |       |       ||     4
